 Dungeon Crawl Stone Soup version 0.22-a0-469-gf26638a (webtiles) character file.

776 Laiders72 the Magician (level 7, 0/51 HPs)
             Began as a Gnoll Wizard on June 11, 2018.
             Was an Initiate of Vehumet.
             Slain by Blork the orc
             ... wielding a +0 dire flail
              (12 damage)
             ... on level 5 of the Dungeon.
             The game lasted 00:15:41 (5077 turns).

Laiders72 the Magician (Gnoll Wizard)               Turns: 5077, Time: 00:15:42

Health: 0/51       AC:  3    Str:  9    XL:     7   Next: 84%
Magic:  14/18      EV: 16    Int: 22    God:    Vehumet [......]
Gold:   174        SH:  0    Dex: 14    Spells: 10/21 levels left

rFire    . . .     SeeInvis .   o - +0 spear
rCold    . . .     Gourm    .   (no shield)
rNeg     . . .     Faith    .   a - +0 robe
rPois    .         Spirit   .   b - +0 hat
rElec    .         Reflect  .   (no cloak)
rCorr    .         Harm     .   g - +0 pair of gloves
MR       .....                  (no boots)
Stlth    +++.......             l - amulet of magic regeneration
HPRegen  0.17/turn              j - +1 ring of evasion
MPRegen  0.41/turn              (no ring)

@: no status effects
A: distributed training, fangs 1, strong nose
a: Renounce Religion


You were on level 5 of the Dungeon.
You worshipped Vehumet.
Vehumet was noncommittal.
You were very hungry.

You visited 1 branch of the dungeon, and saw 5 of its levels.

You collected 264 gold pieces.
You spent 90 gold pieces at shops.

Inventory:

Hand Weapons
 o - a +0 spear (weapon)
Armour
 a - a +0 robe (worn)
 b - a +0 hat (worn)
 g - a +0 pair of gloves (worn)
Jewellery
 j - a +1 ring of evasion (left hand)
 l - an amulet of magic regeneration (around neck)
Scrolls
 e - a scroll of identify
 f - a scroll of amnesia {unknown}
 h - 3 scrolls of immolation {unknown}
 k - 2 scrolls of teleportation {unknown}
 n - a scroll of noise {unknown}
 p - 3 scrolls of remove curse
 q - a scroll of blinking {unknown}
Potions
 c - a potion of lignification
 i - 2 potions of flight {unknown}
 m - 2 potions of curing
Comestibles
 d - 14 rations


   Skills:
 + Level 2.7 Fighting
 + Level 2.7 Short Blades
 + Level 2.7 Long Blades
 + Level 2.7 Axes
 + Level 2.7 Maces & Flails
 + Level 2.7 Polearms
 + Level 2.7 Staves
 + Level 2.7 Slings
 + Level 2.7 Bows
 + Level 2.7 Crossbows
 + Level 2.7 Throwing
 + Level 2.7 Armour
 + Level 5.3 Dodging
 + Level 5.0 Stealth
 + Level 2.7 Shields
 + Level 2.7 Unarmed Combat
 + Level 7.7 Spellcasting
 + Level 3.1 Conjurations
 + Level 2.2 Hexes
 + Level 2.2 Charms
 + Level 3.1 Summonings
 + Level 2.2 Necromancy
 + Level 3.1 Translocations
 + Level 2.2 Transmutations
 + Level 2.2 Fire Magic
 + Level 2.2 Ice Magic
 + Level 2.2 Air Magic
 + Level 2.2 Earth Magic
 + Level 2.2 Poison Magic
 + Level 3.0 Invocations
 + Level 2.7 Evocations


You had 10 spell levels left.
You knew the following spells:

 Your Spells              Type           Power        Failure   Level  Hunger
a - Magic Dart            Conj           ###.         2%          1    None
b - Blink                 Tloc           N/A          3%          2    None
c - Call Imp              Summ           ###.....     3%          2    None
d - Conjure Flame         Conj/Fire      ###.....     8%          3    None
e - Mephitic Cloud        Conj/Pois/Air  ###.....     9%          3    None

Your spell library contained the following spells:

 Spells                   Type           Power        Failure   Level  Hunger
 Slow                     Hex            ###.....     4%          2    None
 Confuse                  Hex            ###.....     10%         3    None
 Confusing Touch          Hex            ###...       3%          1    None
 Metabolic Englaciation   Hex/Ice        ###.......   65%         5    #####..
 Petrify                  Tmut/Erth      ###.....     30%         4    ###....
 Gell's Gravitas          Tloc           ###.......   6%          3    None
 Yara's Violent Unravell  Hex/Tmut       ###.......   65%         5    #####..


Dungeon Overview and Level Annotations

Branches:
Dungeon (5/15)
 Temple: D:4-7

Altars:
Gozag
Hepliaklqana
Nemelex Xobeh
Vehumet
Wu Jian
Zin

Annotations:
D:5 Blork the orc


Innate Abilities, Weirdness & Mutations

Your experience applies equally to all skills.
You have very sharp teeth.
Your uncanny sense of smell can sniff out nearby items.


Message History

Aim: an ice beast (severely wounded)
The magic dart hits the ice beast.
The ice beast is almost dead.
The ice beast hits you but does no damage.
Casting: Magic Dart (safe; 2% risk of failure)
Confirm with . or Enter, or press ? or * to list all spells.
Aiming: Magic Dart (safe; 2% risk of failure)
Press: ? - help, Shift-Dir - straight line, f/p - ice beast
Aim: an ice beast (almost dead)
The magic dart hits the ice beast.
You kill the ice beast!
Vehumet accepts your kill.
Your Stealth skill increases to level 5!
Your Invocations skill increases to level 3!
You hear some strange, mumbled words.
A puff of frost appears from out of thin air!
The puff of frost hits you!
* * * LOW HITPOINT WARNING * * *
Something hits you!
You die...

..............#.............##
.....#####...##............#.##
...[## ###.#...##.......#...##
....## #.รท...####....##..#.#
#....# ##.......##...###..#.##
#....## ##.##.........###..##..#
#.....####.####.######.###.##.###
#.......#.## #.5# #.#..###.#
>..........# ##@# ##...# ###
........)..# #.## #...#
.......#....# ##.# #...#
.####..###...# #.# #..... ## #..#
##... ... ....... # ##.# ....#...
......##.. ### ##.###
.#####..<......# . ..##......
.........# #......... #.##.


You could see a friendly crimson imp.

Vanquished Creatures
  An orc warrior (D:4)
  A phantom (D:5)
  An ice beast (D:5)
  An ogre (D:5)
  A howler monkey (D:5)
  A hound (D:4)
  An orc wizard (D:4)
  A bullfrog skeleton (D:5)
  3 orc priests (D:4)
  A worker ant (D:5)
  6 adders
  An ooze (D:5)
  2 adder skeletons
  2 worms (D:2)
  A dart slug (D:1)
  9 orcs (D:4)
  7 giant cockroaches
  8 goblins
  9 hobgoblins
  2 jackals (D:1)
  3 kobolds
  2 quokkas (D:2)
  A ball python (D:5)
  7 bats
  A frilled lizard (D:3)
  A leopard gecko zombie (D:5)
  5 rats
79 creatures vanquished.

Vanquished Creatures (collateral kills)
  An orc wizard (D:4)
  2 adders (D:4)
  A worm (D:3)
4 creatures vanquished.

Vanquished Creatures (others)
  An orc wizard (D:4)
1 creature vanquished.

Grand Total: 84 creatures vanquished

Notes
Turn   | Place    | Note
-------+----------+-------------------------------------------
     0 | D:1      | Laiders72 the Gnoll Wizard began the quest for the Orb.
     0 | D:1      | Reached XP level 1. HP: 13/13 MP: 8/8
   100 | D:1      | Reached XP level 2. HP: 10/19 MP: 0/10
  1014 | D:2      | Reached XP level 3. HP: 25/25 MP: 5/11
  1065 | D:2      | Learned a level 2 spell: Blink
  1068 | D:2      | Learned a level 2 spell: Call Imp
  1072 | D:2      | Learned a level 3 spell: Conjure Flame
  1076 | D:2      | Learned a level 3 spell: Mephitic Cloud
  1340 | D:2      | Reached skill level 1 in Invocations
  1564 | D:3      | Reached skill level 1 in Fighting
  1564 | D:3      | Reached skill level 1 in Short Blades
  1564 | D:3      | Reached skill level 1 in Long Blades
  1564 | D:3      | Reached skill level 1 in Axes
  1564 | D:3      | Reached skill level 1 in Maces & Flails
  1564 | D:3      | Reached skill level 1 in Polearms
  1564 | D:3      | Reached skill level 1 in Staves
  1564 | D:3      | Reached skill level 1 in Slings
  1564 | D:3      | Reached skill level 1 in Bows
  1564 | D:3      | Reached skill level 1 in Crossbows
  1564 | D:3      | Reached skill level 1 in Throwing
  1564 | D:3      | Reached skill level 1 in Armour
  1564 | D:3      | Reached skill level 1 in Shields
  1564 | D:3      | Reached skill level 1 in Unarmed Combat
  1564 | D:3      | Reached skill level 1 in Evocations
  1661 | D:3      | Reached XP level 4. HP: 32/32 MP: 2/13
  1968 | D:3      | Found a sparkling altar of Nemelex Xobeh.
  2149 | D:3      | Found an ornate altar of the Wu Jian Council.
  2280 | D:4      | Reached skill level 1 in Hexes
  2280 | D:4      | Reached skill level 1 in Charms
  2280 | D:4      | Reached skill level 1 in Necromancy
  2280 | D:4      | Reached skill level 1 in Transmutations
  2280 | D:4      | Reached skill level 1 in Fire Magic
  2280 | D:4      | Reached skill level 1 in Ice Magic
  2280 | D:4      | Reached skill level 1 in Air Magic
  2280 | D:4      | Reached skill level 1 in Earth Magic
  2280 | D:4      | Reached skill level 1 in Poison Magic
  2395 | D:4      | Found a hazy altar of Hepliaklqana.
  2401 | D:4      | Reached XP level 5. HP: 37/37 MP: 11/14
  2666 | D:4      | Found Zin's Purification Station.
  2669 | D:4      | Found a glowing silver altar of Zin.
  2677 | D:4      | Bought a potion of curing for 90 gold pieces
  2856 | D:4      | Reached XP level 6. HP: 40/44 MP: 16/16
  2883 | D:4      | Noticed an orc warrior
  2953 | D:4      | Killed an orc warrior
  2953 | D:4      | Reached skill level 5 in Dodging
  3756 | D:4      | Found a radiant altar of Vehumet.
  4027 | D:4      | Became a worshipper of Vehumet
  4036 | D:5      | Entered Level 5 of the Dungeon
  4050 | D:5      | Found an opulent altar of Gozag.
  4211 | D:5      | Reached XP level 7. HP: 38/50 MP: 11/18
  5048 | D:5      | Noticed Blork the orc
  5075 | D:5      | Reached skill level 5 in Stealth
  5077 | D:5      | Slain by Blork the orc

Vault maps used:
D:1:      lemuel_arrival_broad_hall
D:3:      nemelex_xobeh_ov_fountains_minmay, lemuel_crystal_altar
D:4:      zin_purify, kennysheep_mini_moat, nicolae_overflow_hidden_temple,
          first_ration, serial_bayou_ford_a, guppyfry_early_orc_mine,
          uniq_crazy_yiuf_cottage
D:5:      grunt_gozag_breadcrumbs, uniq_blork_the_orc

Skill      XL: |  1  2  3  4  5  6  7 |
---------------+----------------------+-----
Conjurations   | 2 3 |  3.1
Summonings     | 2 3 |  3.1
Translocations | 2 3 |  3.1
Invocations    | 1 2 3 |  3.0
Fighting       | 1 2 |  2.7
Short Blades   | 1 2 |  2.7
Long Blades    | 1 2 |  2.7
Axes           | 1 2 |  2.7
Maces & Flails | 1 2 |  2.7
Polearms       | 1 2 |  2.7
Staves         | 1 2 |  2.7
Slings         | 1 2 |  2.7
Bows           | 1 2 |  2.7
Crossbows      | 1 2 |  2.7
Throwing       | 1 2 |  2.7
Armour         | 1 2 |  2.7
Shields        | 1 2 |  2.7
Unarmed Combat | 1 2 |  2.7
Evocations     | 1 2 |  2.7
Hexes          | 1 2 |  2.2
Charms         | 1 2 |  2.2
Necromancy     | 1 2 |  2.2
Transmutations | 1 2 |  2.2
Fire Magic     | 1 2 |  2.2
Ice Magic      | 1 2 |  2.2
Air Magic      | 1 2 |  2.2
Earth Magic    | 1 2 |  2.2
Poison Magic   | 1 2 |  2.2
Dodging        | 5 |  5.3
Stealth        | 5 |  5.0
Spellcasting   | |  7.7

Action                   |  1- 3 |  4- 6 |  7- 9 || total
-------------------------+-------+-------+-------++-------
Melee: Unarmed           |    32 |       |       ||    32
       Bite              |     5 |     1 |     3 ||     9
       Mace              |     8 |    16 |       ||    24
       Spear             |       |       |    23 ||    23
       Punch             |       |       |     1 ||     1
 Cast: Magic Dart        |    81 |   104 |    56 ||   241
       Conjure Flame     |     1 |     5 |     1 ||     7
       Call Imp          |     1 |     4 |     3 ||     8
       Mephitic Cloud    |     1 |     1 |       ||     2
  Use: Scroll            |     1 |     3 |       ||     4
       Potion            |       |     1 |       ||     1
 Stab: Sleeping          |     1 |       |       ||     1
  Eat: Chunk             |     2 |     5 |     1 ||     8
       Ration            |       |     1 |       ||     1
Armor: Robe              |     9 |     2 |     4 ||    15
       Skin              |       |     1 |       ||     1
Dodge: Dodged            |    33 |    24 |    21 ||    78

Table legend:
 A = Spawn XP
 B = Non-spawn XP
 C = Spawn XP percentage of total XP
 D = Spawn monster count
 E = Non-spawn monster count
 F = Spawn count percentage of total count
 G = Total turns spent on level
                    A         B        C        D         E        F      G
               +---------+---------+-------+---------+---------+-------+---------
         Total |       0 |    1109 |   0.0 |       0 |      84 |   0.0 |  5077
               +---------+---------+-------+---------+---------+-------+---------
           D:1 |       0 |      19 |   0.0 |       0 |       9 |   0.0 |   820
           D:2 |       0 |      53 |   0.0 |       0 |      22 |   0.0 |   738
           D:3 |       0 |      26 |   0.0 |       0 |      15 |   0.0 |   629
           D:4 |       0 |     465 |   0.0 |       0 |      24 |   0.0 |  1849
           D:5 |       0 |     546 |   0.0 |       0 |      14 |   0.0 |  1041
               +---------+---------+-------+---------+---------+-------+---------
